 Dungeon Crawl Stone Soup version 0.24-a0-368-g0e0cebd (webtiles) character file.

Game seed: 3716592984942553964

3 MatthieuS the Vexing (level 1, 0/13 HPs)
             Began as a Human Enchanter on May 28, 2019.
             Slain by a jackal (2 damage)
             ... on level 1 of the Dungeon.
             The game lasted 00:00:39 (507 turns).

MatthieuS the Vexing (Human Enchanter)               Turns: 507, Time: 00:00:40

Health: 0/13       AC:  2    Str:  8    XL:     1   Next: 55%
Magic:  2/3        EV: 12    Int: 15    God:
Gold:   14         SH:  0    Dex: 13    Spells: 3/4 levels left

rFire    . . .     SeeInvis .   a - +1 dagger
rCold    . . .     Gourm    .   (no shield)
rNeg     . . .     Faith    .   b - +0 robe
rPois    .         Spirit   .   (no helmet)
rElec    .         Reflect  .   (no cloak)
rCorr    .         Harm     .   (no gloves)
MR       .....                  (no boots)
Stlth    ++........             (no amulet)
HPRegen  0.04/turn              (no ring)
MPRegen  0.08/turn              (no ring)

@: very slightly contaminated
A: no striking features
a: no special abilities


You were on level 1 of the Dungeon.
You were not hungry.

You visited 1 branch of the dungeon, and saw 1 of its levels.

You collected 14 gold pieces.

Inventory:

Hand Weapons
 a - a +1 dagger (weapon)
Armour
 b - a +0 robe (worn)
Comestibles
 e - 4 rations


   Skills:
 + Level 0.2 Fighting
 + Level 1.0 Short Blades
 + Level 2.0 Dodging
 + Level 3.0 Stealth
 + Level 2.0 Spellcasting
 + Level 3.0 Hexes


You had 3 spell levels left.
You knew the following spells:

 Your Spells              Type           Power        Failure   Level  Hunger
a - Corona                Hex            ##.....      6%          1    #......

Your spell library contained the following spells:

 Spells                   Type           Power        Failure   Level  Hunger
 Ensorcelled Hibernation  Hex/Ice        #.....       19%         2    ###....
 Confuse                  Hex            ##......     19%         3    ###....
 Tukima's Dance           Hex            ##......     19%         3    ###....
 Dazzling Spray           Conj/Hex       #.....       34%         3    ###....


Dungeon Overview and Level Annotations

Branches:
Dungeon (1/15)

Altars:


Message History

The goblin shouts!
You see here 16 stones.
All of the chunks of flesh in your inventory have rotted away.
A kobold comes into view.
The kobold shouts!
The kobold hits you.
You barely miss the kobold. The kobold hits you.
You hit the kobold but do no damage. The kobold barely misses you.
Aim: a kobold (chance to defeat MR: 63%)
The kobold is outlined in light.
The kobold barely misses you.
You hit the kobold but do no damage. The kobold closely misses you.
You hit the kobold. The kobold misses you.
You hit the kobold. The kobold hits you.
* * * LOW HITPOINT WARNING * * *
You hit the kobold but do no damage. The kobold hits you but does no damage.
You closely miss the kobold. The kobold closely misses you.
You closely miss the kobold.
The kobold stops glowing.
The kobold closely misses you.
You hit the kobold but do no damage. The kobold closely misses you.
You hit the kobold.
You kill the kobold!
You start resting.
You start resting.
Found a ration.
e - 4 rations (gained 1)
Found a stone staircase leading down. 4 jackals come into view.
There are monsters nearby!
The jackal barks!
There is a stone staircase leading down here.
Aim: a jackal (chance to defeat MR: 63%)
You miscast Corona.
You are very lightly contaminated with residual magic.
Nothing appears to happen.
The jackal bites you.
You barely miss the jackal. The jackal bites you. x2
You hit the jackal. The jackal bites you.
* * * LOW HITPOINT WARNING * * *
You hit the jackal. The jackal barely misses you.
The jackal bites you but does no damage.
You barely miss the jackal. The jackal barely misses you.
You closely miss the jackal. The jackal bites you.
* * * LOW HITPOINT WARNING * * *
You hit the jackal but do no damage. The jackal bites you.
* * * LOW HITPOINT WARNING * * *
The jackal misses you.
You miss the jackal. The jackal bites you.
* * * LOW HITPOINT WARNING * * *
You barely miss the jackal. The jackal barely misses you.
You closely miss the jackal. The jackal bites you.
You die...

#..... #.# #.##≈≈##.#
#.....##.# #...≈≈...#
#........# ####≈(####
........>#.####≈.#####
#.....##.#.....≈≈....#
...h. #.#####≈≈..##.#


hh.. #.# #≈#####.# ... #h#####≈#####.# .. #...h@......#.# . #########.###.# #.#
#.# #.# #.# #.# #.# #.# #.# #.# #.# #.# #.# #.# #.# You could see 2 jackals.

Vanquished Creatures
  2 kobolds (D:1)
  A rat (D:1)
3 creatures vanquished.

Notes
Turn   | Place    | Note
-------+----------+-------------------------------------------
     0 | D:1      | MatthieuS the Human Enchanter began the quest for the Orb.
     0 | D:1      | Reached XP level 1. HP: 13/13 MP: 3/3
     3 | D:1      | Noticed an electric eel
     3 | D:1      | Noticed an electric eel
   507 | D:1      | Slain by a jackal

Levels and vault maps discovered:
D:1:      arrival_aquarium_b, layout_basic, serial_rivers,
          chequers_serial_rivers_small_b, chequers_serial_rivers_micro_d,
          chequers_serial_rivers_room_b, chequers_serial_rivers_small_a,
          chequers_serial_rivers_room_b, serial_bayou_pond_e,
          chequers_serial_rivers_room_b, evilmike_ruin_ashenzari

Action                   || total
-------------------------++-------
Melee: Dagger            ||    25
 Cast: Corona            ||     2
Armor: Robe              ||     3
Dodge: Dodged            ||    13

Table legend:
 A = Non-vault XP
 B = Vault XP
 C = Vault XP percentage of total XP
 D = Non-vault monster count
 E = Vault monster count
 F = Vault count percentage of total count
                 A         B        C        D         E       F
            +---------+---------+-------+---------+---------+-------
      Total |       5 |       0 |   0.0 |       3 |       0 |   0.0
            +---------+---------+-------+---------+---------+-------
        D:1 |       5 |       0 |   0.0 |       3 |       0 |   0.0
            +---------+---------+-------+---------+---------+-------
